 Dungeon Crawl Stone Soup version 0.23-a0-635-g88ca12a (webtiles) character file.

15 Leeroy the Charmwright (level 2, -1/23 HPs)
             Began as a Barachi Skald on Dec 27, 2018.
             Slain by a leopard gecko (2 damage)
             ... on level 1 of the Dungeon.
             The game lasted 00:02:34 (866 turns).

Leeroy the Charmwright (Barachi Skald)               Turns: 866, Time: 00:02:35

Health: -1/23      AC:  3    Str: 10 (12) XL:     2   Next: 50%
Magic:  3/5        EV: 11    Int: 11 (13) God:
Gold:   63         SH:  3    Dex:  9 (11) Spells: 4/5 levels left

rFire    . . .     SeeInvis .   a - +0 falchion
rCold    . . .     Gourm    .   f - +0 buckler
rNeg     . . .     Faith    .   b - +0 leather armour
rPois    .         Spirit   .   (no helmet)
rElec    .         Reflect  .   (no cloak)
rCorr    .         Harm     .   (no gloves)
MR       .....                  (no boots)
Stlth    +.........             (no amulet)
HPRegen  0.07/turn              (no ring)
MPRegen  0.09/turn              (no ring)

@: infused, can't hop, slow
A: +LOS, swims, slowness 1, strong legs 1
a: Hop


You were on level 1 of the Dungeon.
You were not hungry.

You visited 1 branch of the dungeon, and saw 2 of its levels.

You collected 63 gold pieces.

Inventory:

Hand Weapons
 a - a +0 falchion (weapon)
 j - a +0 hand axe
Missiles
 c - 23 stones (quivered)
 h - 18 bolts
 k - 21 arrows
Armour
 b - a +0 leather armour (worn)
 f - a +0 buckler (worn)
Scrolls
 e - a scroll of blinking {unknown}
 i - 2 scrolls of remove curse {unknown}
 l - a scroll of identify {unknown}
Potions
 g - a potion of haste {unknown}
Comestibles
 d - 3 rations


   Skills:
 - Level 2.4 Fighting
 * Level 3.2 Long Blades
 - Level 1.2 Armour
 - Level 2.1 Dodging
 + Level 1.3 Shields
 - Level 2.1 Spellcasting
 - Level 3.2 Charms


You had 4 spell levels left.
You knew the following spells:

 Your Spells              Type           Power        Failure   Level  Hunger
a - Infusion              Chrm           #...         14%         1    ##.....

Your spell library contained the following spells:

 Spells                   Type           Power        Failure   Level  Hunger
 Song of Slaying          Chrm           #.......     22%         2    ###....
 Shroud of Golubria       Chrm/Tloc      #.........   38%         2    ###....
 Regeneration             Chrm/Necr      #.........   63%         3    ####...
 Spectral Weapon          Hex/Chrm       #.......     63%         3    ####...


Dungeon Overview and Level Annotations

Branches:
Dungeon (2/15)

Altars:


Innate Abilities, Weirdness & Mutations

Shadows flee at your approach. (+LOS)
You can swim through water.
You cover ground slowly.
You can hop short distances.


Message History

Boing!
The leopard gecko bites you.
* * * LOW HITPOINT WARNING * * *
Unknown command.
Casting: Infusion (safe; 14% risk of failure)
Confirm with . or Enter, or press ? or * to list all spells.
You begin infusing your attacks with magical energy.
The leopard gecko bites you.
* * * LOW HITPOINT WARNING * * *
Unknown command.
You barely miss the leopard gecko. The leopard gecko bites you.
* * * LOW HITPOINT WARNING * * *
The frilled lizard unfolds its giant frill.
Unknown command.
You miss the leopard gecko.
The leopard gecko completely misses you.
You riposte.
You hit the leopard gecko.
The leopard gecko is almost dead.
The leopard gecko bites you.
You die...

##...###......#.....# #.#.#.#
...............###..# #.#.#.#
...............# #..# #.#.#.#
...#...........###..#####.#.#.##
.#.##..........................#
.#.##..............######.#.####
.#+##.....####.#l..............#
..........#....#l#.######......#
...............#@#.# ########
......##.........#.#
..............####.#
.#...........#####.#
.#..............##.#
....#.###.......##.#
......###.......##.#
...................#
................####


You could see a leopard gecko and a frilled lizard.

Vanquished Creatures
  A leopard gecko (D:2)
  A giant cockroach (D:1)
  4 jackals (D:1)
  2 bats (D:1)
  2 kobolds (D:1)
  4 rats (D:1)
14 creatures vanquished.

Notes
Turn   | Place    | Note
-------+----------+-------------------------------------------
     0 | D:1      | Leeroy the Barachi Skald began the quest for the Orb.
     0 | D:1      | Reached XP level 1. HP: 17/17 MP: 3/3
   246 | D:1      | Reached skill level 1 in Shields
   247 | D:1      | Reached XP level 2. HP: 4/23 MP: 5/5
   248 | D:1      | HP: 1/23 [jackal (2)]
   865 | D:1      | HP: 1/23 [leopard gecko (1)]
   866 | D:1      | Slain by a leopard gecko

Vault maps used:
D:1:      dpeg_arrival_snail, kennysheep_another_room
D:2:      lemuel_doored_altar, yredelemnul_altar_generic, fedhas_altar_3

Skill      XL: |  1  2 |
---------------+-------+-----
Shields        | 1 |  1.3
Long Blades    | 3 |  3.2
Fighting       | |  2.4
Armour         | |  1.2
Dodging        | |  2.1
Spellcasting   | |  2.1
Charms         | |  3.2

Action                   || total
-------------------------++-------
Melee: Falchion          ||    50
Throw: Stone             ||     3
 Cast: Infusion          ||     1
 Abil: Hop               ||     2
  Use: Potion            ||     2
Armor: Leather armour    ||    14
Dodge: Dodged            ||    40
Block: Buckler           ||     9
       Rpst.: Falchion   ||    17

Table legend:
 A = Non-vault XP
 B = Vault XP
 C = Vault XP percentage of total XP
 D = Non-vault monster count
 E = Vault monster count
 F = Vault count percentage of total count
                 A         B        C        D         E       F
            +---------+---------+-------+---------+---------+-------
      Total |      22 |       0 |   0.0 |      14 |       0 |   0.0
            +---------+---------+-------+---------+---------+-------
        D:1 |      19 |       0 |   0.0 |      13 |       0 |   0.0
        D:2 |       3 |       0 |   0.0 |       1 |       0 |   0.0
            +---------+---------+-------+---------+---------+-------
